 Dungeon Crawl Stone Soup version 0.30-a0-1050-g2766ea1e55 (console) character file.

Game seed: 18363895199602105707

168 Kenran the Slasher (level 5, -1/42 HPs)
             Began as a Merfolk Fighter on Apr 10, 2023.
             Slain by an ogre
             ... wielding a +0 giant club
              (22 damage)
             ... on level 3 of the Dungeon.
             The game lasted 00:07:47 (2057 turns).

Kenran the Slasher (Merfolk Fighter)                Turns: 2057, Time: 00:07:47

Health: -1/42      AC:  8    Str: 18    XL:     5   Next: 49%
Magic:  5/5        EV:  8    Int:  7    God:
Gold:   135        SH:  8    Dex: 14    Spells: 4/4 levels left

rFire   . . .      SeeInvis +    a - +0 long sword
rCold   . . .      Faith    .    e - +0 kite shield
rNeg    . . .      Spirit   .    b - +0 scale mail
rPois   .          Reflect  .    (no helmet)
rElec   .          Rampage  .    c - +0 cloak
rCorr   .                        (no gloves)
Will    .....                    i - +0 pair of boots Stlth
                                 (no amulet)
HPRegen 0.27/turn                s - ring of see invisible
MPRegen 0.09/turn                (no ring)

@: no status effects
A: (nimble swimmer 2), mertail
a: no special abilities


You were on level 3 of the Dungeon.
You visited 1 branch of the dungeon, and saw 3 of its levels.
You also visited: Sewer.

You collected 135 gold pieces.

Inventory:

Hand Weapons
 a - a +0 long sword (weapon)
 n - a +2 dagger of venom
Armour
 b - a +0 scale mail (worn)
 c - a +0 cloak (worn)
 e - a +0 kite shield (worn)
 i - a +0 pair of boots (worn)
Jewellery
 s - a ring of see invisible (left hand)
Scrolls
 f - a scroll of teleportation {unknown}
 j - 2 scrolls of magic mapping {unknown}
 l - 4 scrolls of blinking
 q - 2 scrolls of identify {unknown}
 r - a scroll of fear {unknown}
 u - a scroll of immolation {unknown}
 v - a scroll of torment {unknown}
Potions
 d - a potion of might
 g - a potion of cancellation {unknown}
 h - a potion of heal wounds {@q2}
 k - a potion of haste {unknown}
 m - a potion of flight {unknown}
 o - a potion of magic {unknown}
 p - 2 potions of brilliance {unknown}


   Skills:
 - Level 4.0 Fighting
 + Level 5.8 Long Blades
 - Level 2.1 Armour
 - Level 2.0 Dodging
 - Level 3.0 Shields


You had 4 spell levels left.
You didn't know any spells.
Your spell library contained the following spells:

 Spells                   Type           Power      Damage    Failure   Level
 Summon Lightning Spire   Summ/Air       0%         N/A       100%        4
 Storm Form               Tmut/Air       0%         N/A       100%        7
 Maxwell's Capacitive Co  Air            0%         ∞         100%        8


Dungeon Overview and Level Annotations

Branches:
Dungeon (3/15)              Sewer (visited)

Altars:

Annotations:
D:2 1 runed translucent door, Crazy Yiuf


Innate Abilities, Weirdness & Mutations

((You are very nimble when in or above water. (Stealth+, EV+, Speed+++)))
Your lower body shifts to a powerful aquatic tail in water.


Message History

Your +0 pair of boots unmelds from your body.
There is an empty arch of ancient stone here.
There is a gate leading back out of this place here.
Welcome back to the Dungeon!
There is a collapsed entrance here.
Your legs become a tail as you enter the water.
Your +0 pair of boots melds into your body.
Your +0 pair of boots unmelds from your body.
A quokka comes into view.
Found a scroll labelled ADEOZA TIM CUTS.
The quokka bites you.
You closely miss the quokka.
The quokka bites you but does no damage.
You slash the quokka!
You kill the quokka!
No target in view!
Found a scroll labelled NOMEPPA IVUKHLY.
u - a scroll labelled ADEOZA TIM CUTS A dart slug comes into view.
An ogre comes into view. It is wielding a +0 giant club.
You see here a scroll labelled NOMEPPA IVUKHLY.
v - a scroll labelled NOMEPPA IVUKHLY The dart slug launches a dart at you.
The slug dart hits you. The ogre hits you with a +0 giant club!
The ogre barely misses you. The dart slug launches a dart at you.
The slug dart hits you but does no damage.
The ogre attacks as you move away! The ogre hits you with a +0 giant club.
You are too injured to fight recklessly!
Unknown command.
Aiming: Fastroot
Press: ? - help, Shift-Dir - straight line, f - ogre
Aim: an ogre, wielding a +0 giant club The roots erupt in riotous growth!
Roots grab the ogre.
The now-empty wand crumbles to dust.
The grasping roots constrict the ogre!
You hear an angry hiss.
The ogre hits you with a +0 giant club!!
Ouch! That really hurt!
You die...

#. ##.## . ..#.# #...#
#. #.#.# #...###
#.##.#.## #.....##
.......## #...#..####
#....#.# #..........
#...#.#######..........
#..#.##..........~~~...
#..w.O@.........~~~~~(.
#...####.........~~.~~..
#.#.#.#
#######...~~~~~..
..##.##.# #....~~~...
##. ..# .# #.......... #
#.## # .........).. ..
#.#...#.#.#.# ##.
#.#.......#..
.......###. .. #. ...


You could see an ogre (rooted) and a dart slug.

Vanquished Creatures
  A bullfrog (Sewer)
  4 adders
  A dart slug (D:1)
  5 endoplasms
  14 giant cockroaches
  5 goblins
  2 hobgoblins
  5 kobolds
  5 quokkas
  3 ball pythons (Sewer)
  4 bats
  11 frilled lizards
  6 rats
66 creatures vanquished.

Notes
Turn   | Place    | Note
-------+----------+-------------------------------------------
     0 | D:1      | Kenran the Merfolk Fighter began the quest for the Orb.
     0 | D:1      | Reached XP level 1. HP: 18/18 MP: 1/1
    82 | D:1      | Reached skill level 3 in Long Blades
   131 | D:1      | Reached XP level 2. HP: 23/24 MP: 2/2
   392 | D:1      | Reached skill level 4 in Long Blades
   749 | D:2      | Reached XP level 3. HP: 29/29 MP: 3/3
  1105 | D:2      | Found a runed translucent door.
  1106 | D:2      | Noticed Crazy Yiuf
  1281 | D:2      | Found a faded altar of an unknown god.
  1620 | D:3      | Found a glowing drain.
  1648 | Sewer    | Entered a sewer
  1695 | Sewer    | Reached skill level 5 in Long Blades
  1695 | Sewer    | Reached XP level 4. HP: 13/35 MP: 4/4
  1696 | Sewer    | Reached skill level 1 in Dodging
  1837 | Sewer    | Noticed a bullfrog
  1845 | Sewer    | Killed a bullfrog
  1846 | Sewer    | Reached XP level 5. HP: 40/42 MP: 5/5
  2048 | D:3      | Noticed an ogre
  2057 | D:3      | Slain by an ogre

Illustrated notes

Levels and vault maps discovered:
D:1:      lemuel_arrival_behind_the_door_small, layout_loops_cross,
          glass_columns_c
D:2:      layout_loops_cross, shapermc_ecumenical_altar_mp_vishouse,
          serial_glass, glass_columns_c, glass_columns_c,
          uniq_crazy_yiuf_cottage
D:3:      layout_loops_cross, portal_sewer_entry_a

Skill      XL: |  1  2  3  4  5 |
---------------+----------------+-----
Long Blades    | 3 4 5 |  5.8
Dodging        | 2 |  2.0
Fighting       | 4 |  4.0
Armour         | |  2.1
Shields        | |  3.0

Action                     |  1- 3 |  4- 6 || total
---------------------------+-------+-------++-------
  Melee: Long sword        |   110 |    64 ||   174
         Tailslap          |     2 |     4 ||     6
  Evoke: Wand              |       |     1 ||     1
    Use: Potion            |     1 |     1 ||     2
 Armour: Scale mail        |    61 |    19 ||    80
  Dodge: Dodged            |    38 |    20 ||    58
  Block: Kite shield       |    66 |    26 ||    92

Table legend: (Time is in decaauts)
 A = Elapsed time spent in this place.
 B = Non-inter-level travel time spent in this place.
 C = Inter-level travel time spent in this place.
 D = Time resting spent in this place.
 E = Time spent auto-exploring this place.
 F = Levels seen in this place.
 G = Mean time per level.
                   A        B        C        D        E       F      G
               +--------+--------+--------+--------+--------+-----+--------+
         Total |   2057 |   2018 |     39 |    161 |    731 |   4 |  514.2 |
       Dungeon |   1709 |   1670 |     39 |     82 |    714 |   3 |  569.7 |
         Sewer |    348 |    348 |      0 |     79 |     16 |   1 |  348.0 |
               +--------+--------+--------+--------+--------+-----+--------+

Top non-repeatable levels by time:
     D:2: 846 daAuts
     D:1: 765 daAuts
   Sewer: 348 daAuts
     D:3: 97 daAuts
